| TOP OF THE 1ST |
|
Houston Astros batting - Pitching for Cleveland Guardians : RHP Ben Cole
|
|
Pitching: RHP Ben Cole
|
|
|
Batting: LHB Eric Katz
|
0-0: Ball 1-0: Called Strike 1-1: Fly out, F9 (Flyball, 89D, EV 98.8 MPH)
|
|
Batting: RHB Eric Chotkowski
|
0-0: Called Strike 0-1: Swinging Strike 0-2: Ball 1-2: Strikes out swinging
|
|
Batting: SHB Jason Woods
|
0-0: Called Strike 0-1: Ball 1-1: SOLO HOME RUN (Flyball, 9LD, EV 95.6 MPH), Distance : 349 ft
|
|
Batting: LHB Jack Christie
|
0-0: SINGLE (Line Drive, 3D, EV 93.8 MPH)
|
|
Batting: SHB Rich Chavez
|
0-0: Ball 1-0: Ball 2-0: Called Strike 2-1: Foul Ball, location: 2F 2-2: SINGLE (Groundball, 56D, EV 103.1 MPH) Jack Christie to second
|
|
Batting: SHB Joe Gardner
|
0-0: Called Strike 0-1: Ball 1-1: Foul Ball, location: 2F 1-2: Strikes out swinging
|
| Top of the 1st over - 1 run, 3 hits, 0 errors, 2 left on base; Houston 1 - Cleveland 0 |
| BOTTOM OF THE 1ST |
|
Cleveland Guardians batting - Pitching for Houston Astros : RHP Salisbury Swanson
|
|
Pitching: RHP Salisbury Swanson
|
|
|
Batting: RHB Rick O'Reilly
|
0-0: Ball 1-0: Fly out, F7 (Line Drive, 7S, EV 104.4 MPH)
|
|
Batting: RHB Jasper Burd
|
0-0: Called Strike 0-1: Ball 1-1: Ball 2-1: Ball 3-1: SINGLE (Groundball, 4MD, EV 109.4 MPH) (infield hit)
|
|
Batting: LHB Arvin Dungca
|
0-0: DOUBLE (Line Drive, 9LM, EV 98.8 MPH) Jasper Burd to third Runner from 3rd tries for Home, SAFE, throw by RF to home
|
|
Batting: RHB Nick Ogle
|
0-0: Ball 1-0: Ground out 1-3 (Groundball, 15, EV 65.6 MPH)
|
|
Batting: SHB Pete Barutha
|
0-0: Ball 1-0: Ball 2-0: Ball 3-0: Base on Balls
|
|
Batting: RHB Christian Blue
|
0-0: Called Strike 0-1: Swinging Strike 0-2: Strikes out swinging
|
| Bottom of the 1st over - 1 run, 2 hits, 0 errors, 2 left on base; Houston 1 - Cleveland 1 |
| TOP OF THE 2ND |
|
Houston Astros batting - Pitching for Cleveland Guardians : RHP Ben Cole
|
|
Batting: RHB Jeremy Trump
|
0-0: Ball 1-0: SINGLE (Groundball, 4D, EV 95.6 MPH)
|
|
Batting: RHB Danny Merrill
|
0-0: Called Strike 0-1: Foul Ball, location: 2F 0-2: Grounds into double play, 6-4-3 (Groundball, 6, EV 82.5 MPH)
|
|
Batting: LHB Jimmy Edlin
|
0-0: Ball 1-0: Called Strike 1-1: Called Strike 1-2: Ball 2-2: Ball 3-2: Strikes out swinging
|
| Top of the 2nd over - 0 runs, 1 hit, 0 errors, 0 left on base; Houston 1 - Cleveland 1 |
| BOTTOM OF THE 2ND |
|
Cleveland Guardians batting - Pitching for Houston Astros : RHP Salisbury Swanson
|
|
Batting: LHB John Harring
|
0-0: Ball 1-0: Foul Ball, location: 2F 1-1: Ground out 6-3 (Groundball, 6, EV 102.5 MPH)
|
|
Batting: RHB Aaron Matthews
|
0-0: Called Strike 0-1: Called Strike 0-2: Foul Ball, location: 2F 0-2: Ball 1-2: Strikes out swinging
|
|
Batting: RHB Justin Ganey
|
0-0: Called Strike 0-1: Ground out 4-3 (Groundball, 4S, EV 88.8 MPH)
|
| Bottom of the 2nd over - 0 runs, 0 hits, 0 errors, 0 left on base; Houston 1 - Cleveland 1 |
| TOP OF THE 3RD |
|
Houston Astros batting - Pitching for Cleveland Guardians : RHP Ben Cole
|
|
Batting: LHB Eric Katz
|
0-0: SOLO HOME RUN (Line Drive, 9D, EV 100.0 MPH), Distance : 382 ft
|
|
Batting: RHB Eric Chotkowski
|
0-0: Called Strike 0-1: Ball 1-1: Ball 2-1: Fly out, F8 (Flyball, 8RM, EV 91.2 MPH)
|
|
Batting: SHB Jason Woods
|
0-0: Ball 1-0: Ball 2-0: Foul Ball, location: 2F 2-1: Swinging Strike 2-2: Strikes out looking
|
|
Batting: LHB Jack Christie
|
0-0: Ball 1-0: Ball 2-0: Ball 3-0: Base on Balls
|
|
Batting: SHB Rich Chavez
|
0-0: Ball 1-0: Ball 2-0: Called Strike 2-1: 2-RUN HOME RUN (Flyball, 9LD, EV 92.5 MPH), Distance : 340 ft
|
|
Batting: SHB Joe Gardner
|
0-0: Ball 1-0: Ball 2-0: Called Strike 2-1: Foul Ball, location: 2F 2-2: Strikes out looking
|
| Top of the 3rd over - 3 runs, 2 hits, 0 errors, 0 left on base; Houston 4 - Cleveland 1 |
| BOTTOM OF THE 3RD |
|
Cleveland Guardians batting - Pitching for Houston Astros : RHP Salisbury Swanson
|
|
Batting: RHB Rick O'Reilly
|
0-0: Swinging Strike 0-1: Ground out 6-3 (Groundball, 6S, EV 85.6 MPH)
|
|
Batting: RHB Jasper Burd
|
0-0: Foul Ball, location: 2F 0-1: Ball 1-1: Called Strike 1-2: Ball 2-2: Ground out 6-3 (Groundball, 56D, EV 86.2 MPH)
|
|
Batting: LHB Arvin Dungca
|
0-0: SINGLE (Groundball, 4M, EV 101.9 MPH) (infield hit)
|
|
Batting: RHB Nick Ogle
|
0-0: Ball 1-0: Ground out 4-3 (Groundball, 4, EV 90.6 MPH)
|
| Bottom of the 3rd over - 0 runs, 1 hit, 0 errors, 1 left on base; Houston 4 - Cleveland 1 |
| TOP OF THE 4TH |
|
Houston Astros batting - Pitching for Cleveland Guardians : RHP Ben Cole
|
|
Batting: RHB Jeremy Trump
|
0-0: Foul Ball, location: 2F 0-1: Fly out, F9 (Flyball, 9, EV 91.9 MPH)
|
|
Batting: RHB Danny Merrill
|
0-0: Ball 1-0: Called Strike 1-1: Foul Ball, location: 2F 1-2: Ball 2-2: Foul Ball, location: 2F 2-2: Ball 3-2: Base on Balls
|
|
Batting: LHB Jimmy Edlin
|
0-0: Called Strike Danny Merrill steals 2nd base 0-1: Swinging Strike 0-2: Foul Ball, location: 2F 0-2: Strikes out swinging
|
|
Batting: LHB Eric Katz
|
0-0: Ball 1-0: Called Strike 1-1: Ball 2-1: Ball 3-1: Foul Ball, location: 2F 3-2: Base on Balls
|
|
Batting: RHB Eric Chotkowski
|
0-0: Ground out 3-1 (Groundball, 34S, EV 93.1 MPH)
|
| Top of the 4th over - 0 runs, 0 hits, 0 errors, 2 left on base; Houston 4 - Cleveland 1 |
| BOTTOM OF THE 4TH |
|
Cleveland Guardians batting - Pitching for Houston Astros : RHP Salisbury Swanson
|
|
Batting: SHB Pete Barutha
|
0-0: Ball 1-0: Ball 2-0: Called Strike 2-1: Called Strike 2-2: SINGLE (Groundball, 34D, EV 95.6 MPH)
|
|
Batting: RHB Christian Blue
|
0-0: Ball 1-0: Ball 2-0: Ball 3-0: DOUBLE (Line Drive, 89XD, EV 102.5 MPH) Pete Barutha to third
|
|
Batting: LHB John Harring
|
0-0: Ball 1-0: Ball 2-0: Ball 3-0: Called Strike 3-1: Base on Balls
|
|
Batting: RHB Aaron Matthews
|
0-0: Called Strike 0-1: Called Strike 0-2: Foul Ball, location: 2F 0-2: SINGLE (Line Drive, 89S, EV 91.2 MPH) Pete Barutha scores Christian Blue to third John Harring to second
|
|
Batting: RHB Justin Ganey
|
0-0: Called Strike 0-1: Foul Ball, location: 2F 0-2: Ball 1-2: Fly out, F9 (Flyball, 9, EV 98.1 MPH)
|
|
Batting: RHB Rick O'Reilly
|
0-0: Called Strike 0-1: Ball 1-1: Ball 2-1: Ball 3-1: Base on Balls Christian Blue scores John Harring to third Aaron Matthews to second
|
|
Batting: RHB Jasper Burd
|
0-0: Ball 1-0: Fly out, F8 (Flyball, 8LM, EV 87.5 MPH)
|
|
Batting: LHB Arvin Dungca
|
0-0: Called Strike 0-1: Foul Ball, location: 2F 0-2: Strikes out swinging
|
| Bottom of the 4th over - 2 runs, 3 hits, 0 errors, 3 left on base; Houston 4 - Cleveland 3 |
| TOP OF THE 5TH |
|
Houston Astros batting - Pitching for Cleveland Guardians : RHP Ben Cole
|
|
Batting: SHB Jason Woods
|
0-0: Swinging Strike 0-1: SINGLE (Line Drive, 6M, EV 97.5 MPH)
|
|
Batting: LHB Jack Christie
|
0-0: Foul Ball, location: 2F 0-1: Swinging Strike 0-2: Ball 1-2: Strikes out swinging
|
|
Batting: SHB Rich Chavez
|
0-0: Ball 1-0: Foul Ball, location: 2F 1-1: Foul Ball, location: 2F 1-2: Strikes out swinging
|
|
Batting: SHB Joe Gardner
|
0-0: Ball 1-0: Called Strike 1-1: Ball 2-1: Foul Ball, location: 2F 2-2: Foul Ball, location: 2F 2-2: Foul Ball, location: 2F 2-2: Ball 3-2: Foul Ball, location: 2F 3-2: Foul Ball, location: 2F 3-2: Foul Ball, location: 2F 3-2: Base on Balls Jason Woods to second
|
|
Batting: RHB Jeremy Trump
|
0-0: Foul Ball, location: 2F 0-1: Ball 1-1: Ball 2-1: 3-RUN HOME RUN (Flyball, 9D, EV 98.8 MPH), Distance : 382 ft
|
|
Pitching: LHP Rene Eenkhoorn
|
|
|
Batting: RHB Danny Merrill
|
0-0: Ball 1-0: Foul Ball, location: 2F 1-1: Ball 2-1: Ball 3-1: Called Strike 3-2: Fly out, F7 (Flyball, 7D, EV 80.6 MPH)
|
| Top of the 5th over - 3 runs, 2 hits, 0 errors, 0 left on base; Houston 7 - Cleveland 3 |
| BOTTOM OF THE 5TH |
|
Cleveland Guardians batting - Pitching for Houston Astros : RHP Salisbury Swanson
|
|
Batting: RHB Nick Ogle
|
0-0: Swinging Strike 0-1: Foul Ball, location: 2F 0-2: Ground out 5-3 (Groundball, 56S, EV 83.1 MPH)
|
|
Batting: SHB Pete Barutha
|
0-0: Ball 1-0: Called Strike 1-1: Ground out U3 (Groundball, 34, EV 80.6 MPH)
|
|
Batting: RHB Christian Blue
|
0-0: SINGLE (Flyball, 3D, EV 83.8 MPH)
|
|
Batting: LHB John Harring
|
0-0: Ground out 4-3 (Groundball, 4MS, EV 73.8 MPH)
|
| Bottom of the 5th over - 0 runs, 1 hit, 0 errors, 1 left on base; Houston 7 - Cleveland 3 |
| TOP OF THE 6TH |
|
Houston Astros batting - Pitching for Cleveland Guardians : LHP Rene Eenkhoorn
|
|
Batting: LHB Jimmy Edlin
|
0-0: Called Strike 0-1: Foul Ball, location: 2F 0-2: Ball 1-2: Ball 2-2: Foul Ball, location: 2F 2-2: Fly out, F9 (Flyball, 89M, EV 94.4 MPH)
|
|
Batting: LHB Eric Katz
|
0-0: Ball 1-0: Fly out, F7 (Flyball, 7S, EV 90.6 MPH)
|
|
Batting: RHB Eric Chotkowski
|
0-0: Foul Ball, location: 2F 0-1: Ball 1-1: Ball 2-1: Ball 3-1: Base on Balls
|
|
Batting: SHB Jason Woods
|
0-0: Called Strike 0-1: Called Strike 0-2: Strikes out looking
|
| Top of the 6th over - 0 runs, 0 hits, 0 errors, 1 left on base; Houston 7 - Cleveland 3 |
| BOTTOM OF THE 6TH |
|
Cleveland Guardians batting - Pitching for Houston Astros : RHP Salisbury Swanson
|
|
Batting: RHB Aaron Matthews
|
0-0: Ball 1-0: Ground out 6-3 (Groundball, 6, EV 85.6 MPH)
|
|
Batting: RHB Justin Ganey
|
0-0: Swinging Strike 0-1: Ball 1-1: Ball 2-1: Swinging Strike 2-2: SINGLE (Line Drive, 89M, EV 91.9 MPH)
|
|
Batting: RHB Rick O'Reilly
|
0-0: Ball 1-0: Ball 2-0: Swinging Strike 2-1: Swinging Strike 2-2: Foul Ball, location: 2F 2-2: Ball 3-2: Strikes out swinging Justin Ganey steals 2nd base Batter strikes out.
|
|
Batting: RHB Jasper Burd
|
0-0: Ball 1-0: Called Strike 1-1: Ball 2-1: Ball 3-1: Foul Ball, location: 2F 3-2: Foul Ball, location: 2F 3-2: Base on Balls
|
|
Batting: LHB Arvin Dungca
|
0-0: Called Strike 0-1: Called Strike 0-2: Ball 1-2: Ball 2-2: Foul Ball, location: 2F 2-2: Ground out 4-3 (Groundball, 4, EV 82.5 MPH)
|
| Bottom of the 6th over - 0 runs, 1 hit, 0 errors, 2 left on base; Houston 7 - Cleveland 3 |
| TOP OF THE 7TH |
|
Houston Astros batting - Pitching for Cleveland Guardians : LHP Rene Eenkhoorn
|
|
Batting: LHB Jack Christie
|
0-0: Ball 1-0: Foul Ball, location: 2F 1-1: Called Strike 1-2: Foul Ball, location: 2F 1-2: Ball 2-2: Ball 3-2: Ground out 4-3 (Groundball, 4S, EV 76.2 MPH)
|
|
Batting: SHB Rich Chavez
|
0-0: Ball 1-0: Ball 2-0: Called Strike 2-1: Foul Ball, location: 2F 2-2: Foul Ball, location: 2F 2-2: Fly out, F3 (Popup, 3SF, EV 76.9 MPH)
|
|
Batting: SHB Joe Gardner
|
0-0: Foul Ball, location: 2F 0-1: Foul Ball, location: 2F 0-2: SINGLE (Line Drive, 8LS, EV 108.1 MPH)
|
|
Batting: RHB Jeremy Trump
|
0-0: Ball 1-0: Ball 2-0: Ball 3-0: Called Strike 3-1: Swinging Strike 3-2: Foul Ball, location: 2F 3-2: Strikes out swinging
|
| Top of the 7th over - 0 runs, 1 hit, 0 errors, 1 left on base; Houston 7 - Cleveland 3 |
| BOTTOM OF THE 7TH |
|
Cleveland Guardians batting - Pitching for Houston Astros : RHP Salisbury Swanson
|
|
Pitching: RHP Bobby Leija
|
|
|
Batting: RHB Nick Ogle
|
0-0: Ground out 3-1 (Groundball, 34, EV 107.5 MPH)
|
|
Batting: SHB Pete Barutha
|
0-0: Swinging Strike 0-1: Called Strike 0-2: Ball 1-2: Ball 2-2: Strikes out looking
|
|
Batting: RHB Christian Blue
|
0-0: Fly out, F9 (Line Drive, 9, EV 91.2 MPH)
|
| Bottom of the 7th over - 0 runs, 0 hits, 0 errors, 0 left on base; Houston 7 - Cleveland 3 |
| TOP OF THE 8TH |
|
Houston Astros batting - Pitching for Cleveland Guardians : LHP Rene Eenkhoorn
|
|
Pitching: RHP Adrian Serratos
|
|
|
Batting: RHB Danny Merrill
|
0-0: Ball 1-0: Foul Ball, location: 2F 1-1: Ground out 6-3 (Groundball, 6, EV 111.2 MPH)
|
|
Batting: LHB Jimmy Edlin
|
0-0: Foul Ball, location: 2F 0-1: Swinging Strike 0-2: Foul Ball, location: 2F 0-2: Ball 1-2: Foul Ball, location: 2F 1-2: Ground out 6-3 (Groundball, 6, EV 89.4 MPH)
|
|
Batting: LHB Eric Katz
|
0-0: Foul Ball, location: 2F 0-1: Ball 1-1: Swinging Strike 1-2: Ball 2-2: Ball 3-2: Fly out, F8 (Line Drive, 8LD, EV 91.2 MPH)
|
| Top of the 8th over - 0 runs, 0 hits, 0 errors, 0 left on base; Houston 7 - Cleveland 3 |
| BOTTOM OF THE 8TH |
|
Cleveland Guardians batting - Pitching for Houston Astros : RHP Bobby Leija
|
|
Batting: LHB John Harring
|
0-0: Called Strike 0-1: SINGLE (Groundball, 6, EV 108.1 MPH)
|
|
Pinch Hitting: LHB Brent Albertson
|
0-0: Ball 1-0: Ball 2-0: Called Strike 2-1: Ball 3-1: SINGLE (Groundball, 5S, EV 71.2 MPH) (infield hit) John Harring to second
|
|
Batting: RHB Justin Ganey
|
0-0: Ball 1-0: Foul Ball, location: 2F 1-1: Ball 2-1: Called Strike 2-2: Ball 3-2: Base on Balls John Harring to third Brent Albertson to second
|
|
Batting: RHB Rick O'Reilly
|
0-0: Ball 1-0: Swinging Strike 1-1: Foul Ball, location: 2F 1-2: Foul Ball, location: 2F 1-2: Hit by Pitch John Harring scores Brent Albertson to third Justin Ganey to second
|
|
Pitching: LHP Brian Thomas
|
|
|
Batting: RHB Jasper Burd
|
0-0: Called Strike 0-1: Foul Ball, location: 2F 0-2: Ball 1-2: DOUBLE (Line Drive, 89M, EV 105.6 MPH) Brent Albertson scores Justin Ganey scores Rick O'Reilly to third
|
|
Pinch Hitting: RHB Danny Eberhart
|
0-0: Called Strike 0-1: Ball 1-1: Ball 2-1: Fly out, F8 (Line Drive, 78D, EV 104.4 MPH) Runner from 3rd tags up, SCORES, no throw by CF
|
|
Batting: RHB Nick Ogle
|
0-0: Intentional Walk
|
|
Batting: SHB Pete Barutha
|
0-0: Ball 1-0: 3-RUN HOME RUN (Flyball, 78XD, EV 105.6 MPH), Distance : 402 ft
|
|
Pitching: RHP Bill Dillard
|
|
|
Batting: RHB Christian Blue
|
0-0: Ball 1-0: Ground out U3 (Groundball, 34, EV 100.0 MPH)
|
|
Batting: LHB John Harring
|
0-0: Foul Ball, location: 2F 0-1: Called Strike 0-2: Ball 1-2: Strikes out looking
|
| Bottom of the 8th over - 7 runs, 4 hits, 0 errors, 0 left on base; Houston 7 - Cleveland 10 |
| TOP OF THE 9TH |
|
Houston Astros batting - Pitching for Cleveland Guardians : RHP Adrian Serratos
|
|
Pitching: LHP Katsumi Omura
|
|
|
Now at 1B: Brent Albertson
|
|
|
Now at 2B: Danny Eberhart
|
|
|
Now at SS: Jasper Burd
|
|
|
Batting: RHB Eric Chotkowski
|
0-0: Foul Ball, location: 2F 0-1: Fly out, F8 (Flyball, 8LD, EV 81.9 MPH)
|
|
Batting: SHB Jason Woods
|
0-0: Ball 1-0: Ball 2-0: Swinging Strike 2-1: Called Strike 2-2: Ball 3-2: Ground out 6-3 (Groundball, 6, EV 76.9 MPH)
|
|
Batting: LHB Jack Christie
|
0-0: Called Strike 0-1: Ball 1-1: Ball 2-1: Swinging Strike 2-2: DOUBLE (Line Drive, 8RXD, EV 109.4 MPH)
|
|
Batting: SHB Rich Chavez
|
0-0: Ball 1-0: Foul Ball, location: 2F 1-1: 2-RUN HOME RUN (Flyball, 7D, EV 97.5 MPH), Distance : 363 ft
|
|
Batting: SHB Joe Gardner
|
0-0: Called Strike 0-1: Ball 1-1: Called Strike 1-2: Ball 2-2: Ball 3-2: Strikes out swinging
|
| Top of the 9th over - 2 runs, 2 hits, 0 errors, 0 left on base; Houston 9 - Cleveland 10 |
|